 Dungeon Crawl Stone Soup version 0.30-a0-913-g9934a0ce24 (webtiles) character file.

Game seed: 15643964476805319003

206 Darius099 the Sneak (level 5, -3/36 HPs)
             Began as an Octopode Brigand on Mar 20, 2023.
             Slain by an orc
             ... wielding a +0 flail
              (5 damage)
             ... on level 4 of the Dungeon.
             The game lasted 00:06:07 (2745 turns).

Darius099 the Sneak (Octopode Brigand)              Turns: 2745, Time: 00:06:08

Health: -3/36      AC:  1    Str: 10    XL:     5   Next: 84%
Magic:  6/6        EV: 12    Int: 14    God:
Gold:   132        SH:  0    Dex: 15    Spells: 3/6 levels left

rFire   . . .      SeeInvis +    a - +2 dagger (elec)
rCold   . . .      Faith    .    (no shield)
rNeg    . . .      Spirit   .    (helmet restricted)
rPois   .          Reflect  .    (no amulet)
rElec   .          Rampage  .    g - ring of see invisible
rCorr   .                        (no ring)
Will    .....                    (no ring)
Stlth   ++++                     (no ring)
HPRegen 0.26/turn                (no ring)
MPRegen 0.10/turn                (no ring)
                                 (no ring)
                                 (no ring)

@: no status effects
A: almost no armour, amphibious, 8 rings, camouflage 1, gelatinous body 1,
(nimble swimmer 1), tentacles
a: no special abilities


You were on level 4 of the Dungeon.
You visited 1 branch of the dungeon, and saw 4 of its levels.

You collected 132 gold pieces.

Inventory:

Hand Weapons
 a - a +2 dagger of electrocution (weapon)
Missiles
 b - 9 poisoned darts (quivered)
 c - 9 curare-tipped darts
Jewellery
 g - a ring of see invisible (left tentacle)
Wands
 m - a wand of paralysis (12)
 p - a wand of flame (24)
Scrolls
 e - 8 scrolls of identify {unknown}
 i - a scroll of vulnerability {unknown}
 j - 4 scrolls of teleportation
 n - a scroll of summoning {unknown}
Potions
 d - a potion of mutation {unknown}
 f - a potion of cancellation {unknown}
 h - 3 potions of degeneration {unknown}
 k - a potion of ambrosia {unknown}
 l - a potion of brilliance {unknown}
 o - a potion of curing {unknown}


   Skills:
 + Level 3.3 Fighting
 + Level 3.3 Short Blades
 - Level 2.0 Throwing
 - Level 1.0 Dodging
 + Level 6.6 Stealth
 + Level 1.0 Spellcasting
 + Level 1.2 Hexes
 + Level 1.3 Summonings


You had 3 spell levels left.
You knew the following spells:

 Your Spells              Type           Power      Damage    Failure   Level
a - Summon Guardian Gole  Hex/Summ       4%         N/A       43%         3

Your spell library contained the following spells:

 Spells                   Type           Power      Damage    Failure   Level
 Summon Small Mammal      Summ           16%        N/A       16%         1
 Blink                    Tloc           0%         N/A       36%         2
 Lesser Beckoning         Tloc           0%         N/A       36%         2
 Momentum Strike          Conj/Tloc      0%         3d8       36%         2
 Call Canine Familiar     Summ           4%         N/A       41%         3


Dungeon Overview and Level Annotations

Branches:
Dungeon (4/15)
 Temple: D:4-7

Altars:

Shops:
D:2 ?

Annotations:
D:4 Edmund


Innate Abilities, Weirdness & Mutations

You cannot wear most types of armour.
You are amphibious.
You can wear up to eight rings at the same time.
Your skin changes colour to match your surroundings (Stealth+).
Your rubbery body absorbs attacks. (AC +1, EV +1)
((You are camouflaged when in or above water. (Stealth+)))
You have tentacles for arms and can constrict up to eight enemies at once.


Message History

Your Spellcasting skill increases to level 1!
No target in view!
No target in view!
HP restored.
Things that are here:
a +0 club; a +0 sling; a goblin corpse An orc comes into view.
It is wielding a +0 trident.
An orc is nearby!
An orc comes into view. It is wielding a +0 flail.
You see here 2 scrolls labelled XUTIEF HIYN.
You now have 132 gold pieces (gained 17).
You see here a +0 club.
Things that are here:
a +0 club; a +0 sling; a goblin corpse The orc shouts!
An orc wizard comes into view. It is wielding a +0 dagger.
You see here 2 scrolls labelled XUTIEF HIYN.
e - 8 scrolls labelled XUTIEF HIYN (gained 2)
The orc wizard casts a spell at you. The magic dart hits you!
The orc wizard points at you and mumbles some strange words.
You are confused.
You hit the orc.
The orc is lightly wounded.
The orc closely misses you.
You're too confused to move!
The orc wizard casts a spell at you. You resist with some effort.
The orc hits you from afar with a +0 trident.
The orc hits you with a +0 flail!
You bump into the rock wall.
You feel less confused.
The orc hits you from afar with a +0 trident.
The orc hits you with a +0 flail.
* * * LOW HITPOINT WARNING * * *
The orc attacks as you move away! The orc barely misses you.
The orc attacks as you move away! The orc hits you with a +0 flail.
* * * LOW HITPOINT WARNING * * *
The orc attacks as you move away! The orc hits you with a +0 flail.
You die...

################
#<......@ooo...##
###########.....#
#.....#####
#.........#
#.........#
##)........#
###..).......#..
#...............
#>..............


You could see an orc wizard and 2 orcs.

Vanquished Creatures
  Natasha (thrice) (D:3)
  4 adders
  2 dart slugs (D:1)
  2 orcs (D:3)
  7 ball pythons
  6 endoplasms
  3 giant cockroaches
  9 goblins
  11 hobgoblins
  7 jackals (D:3)
  9 kobolds
  3 quokkas
  7 bats
  5 frilled lizards
  5 rats
83 creatures vanquished.

Notes
Turn   | Place    | Note
-------+----------+-------------------------------------------
     0 | D:1      | Darius099 the Octopode Brigand began the quest for the Orb.
     0 | D:1      | Reached XP level 1. HP: 14/14 MP: 1/1
    89 | D:1      | Reached XP level 2. HP: 19/19 MP: 2/2
   213 | D:1      | Found a faded altar of an unknown god.
   411 | D:1      | Reached XP level 3. HP: 25/25 MP: 3/3
   819 | D:1      | Reached skill level 6 in Stealth
  1134 | D:2      | Reached XP level 4. HP: 30/30 MP: 4/4
  1171 | D:2      | Found Wece's Magic Scroll Shop.
  1288 | D:2      | Learned a level 3 spell: Summon Guardian Golem
  2070 | D:3      | Reached XP level 5. HP: 36/36 MP: 5/5
  2251 | D:3      | Noticed Natasha
  2259 | D:3      | Killed Natasha
  2260 | D:3      | Reached skill level 1 in Summonings
  2302 | D:3      | Noticed Natasha
  2310 | D:3      | Killed Natasha
  2311 | D:3      | Reached skill level 1 in Hexes
  2636 | D:4      | Noticed Edmund
  2672 | D:3      | Noticed Natasha
  2676 | D:3      | Killed Natasha
  2701 | D:4      | Reached skill level 1 in Spellcasting
  2745 | D:4      | Slain by an orc

Illustrated notes

Levels and vault maps discovered:
D:1:      dpeg_arrival_rooms_c, layout_loops_corners,
          nicolae_ecumenical_snake_handling
D:2:      layout_basic, serial_shops, nicolae_shop_hallway_stairs
D:3:      layout_basic, grunt_decor_cap, uniq_natasha
D:4:      layout_basic, uniq_grinder, uniq_edmund

Skill      XL: |  1  2  3  4  5 |
---------------+----------------+-----
Stealth        | 6 |  6.6
Short Blades   | 3 |  3.3
Fighting       | 3 |  3.3
Summonings     | 1 |  1.3
Hexes          | 1 |  1.2
Spellcasting   | 1 |  1.0
Throwing       | |  2.0
Dodging        | |  1.0

Action                     |  1- 3 |  4- 6 || total
---------------------------+-------+-------++-------
  Melee: Dagger            |    61 |    80 ||   141
         Constrict         |    13 |    16 ||    29
         Tentacles         |    10 |     7 ||    17
         Punch             |       |     1 ||     1
    Use: Scroll            |     2 |     1 ||     3
   Stab: Sleeping          |    15 |    18 ||    33
         Distracted        |       |     2 ||     2
 Armour: Skin              |     6 |     5 ||    11
  Dodge: Dodged            |    40 |    29 ||    69

Table legend: (Time is in decaauts)
 A = Elapsed time spent in this place.
 B = Non-inter-level travel time spent in this place.
 C = Inter-level travel time spent in this place.
 D = Time resting spent in this place.
 E = Time spent auto-exploring this place.
 F = Levels seen in this place.
 G = Mean time per level.
                   A        B        C        D        E       F      G
               +--------+--------+--------+--------+--------+-----+--------+
         Total |   2723 |   2652 |     71 |     88 |   2041 |   4 |  680.8 |
       Dungeon |   2723 |   2652 |     71 |     88 |   2041 |   4 |  680.8 |
               +--------+--------+--------+--------+--------+-----+--------+

Top non-repeatable levels by time:
     D:1: 948 daAuts
     D:2: 912 daAuts
     D:3: 801 daAuts
     D:4: 62 daAuts
